Map: Orbital Shipyard

Players

capac - Winner!

  • Race: Terran Terran
  • League: Gold

A.I. 1 (Elite)

  • Race: Protoss Protoss

VOD

Have the link to the VOD?

Description

Time

  • Played on: March 20, 2016, 11:11 a.m.
  • Length: 11:58
Show
View Real Time Build Order
Export as new Build Order

capac Terran - Winner!

Build Orders: MMM Bio 

Get SALT Encoding   

  12  0:01  SCV  
  13  0:13  SCV  
  14  0:18  Supply Depot  
  14  0:26  SCV  
  15  0:40  SCV  
  15  0:42  Barracks  
  16  0:45  Refinery  
  16  0:52  SCV  
  17  1:04  SCV  
  18  1:16  SCV  
  19  1:28  SCV  
  19  1:29  Reaper  
  21  1:37  Command Center  
  21  1:43  Orbital Command  
  21  1:56  Supply Depot  
  21  2:11  Factory  
  21  2:17  SCV  
  22  2:24  Barracks Reactor  
  22  2:35  Refinery  
  22  2:36  SCV  
  23  2:50  SCV  
  24  2:51  Orbital Command  
  24  2:57  Factory Tech Lab  
  24  3:04  Command Center  
  23  3:09  Marine x2  
  23  3:11  SCV  
  26  3:18  Siege Tank  
  29  3:23  SCV  
  29  3:27  SCV  
  31  3:31  Marine x2  
  33  3:35  SCV  
  34  3:44  SCV  
  35  3:49  Marine x2  
  35  3:50  Siege Tank  
  40  3:57  SCV x2  
  42  4:07  Marine x2  
  42  4:09  SCV  
  45  4:10  Barracks, SCV  
  45  4:12  Barracks  
  46  4:27  Starport  
  46  4:28  SCV x2  
  46  4:30  Orbital Command  
  48  4:37  Engineering Bay, Marine x2  
  50  4:41  Supply Depot, Engineering Bay  
  50  4:42  SCV  
  50  4:43  SCV  
  52  4:47  Refinery  
  52  4:51  Siege Tank  
  55  4:53  Orbital Command  
  55  5:05  Supply Depot, Marine x2  
  57  5:08  Barracks Tech Lab  
  57  5:09  Barracks Reactor  
  57  5:17  Starport Reactor  
  57  5:21  Terran Infantry Weapons Level 1  
  57  5:22  Terran Infantry Armor Level 1  
  57  5:27  SCV x3  
  60  5:39  Refinery  
  60  5:40  SCV x3  
  63  5:48  Marine x4  
  63  5:49  Marauder  
  69  5:50  Stimpack  
  69  5:58  Siege Tank  
  69  5:59  Supply Depot  
  69  6:02  Supply Depot  
  72  6:07  SCV x3  
  75  6:14  Marine  
  75  6:15  Marine  
  77  6:21  Marauder, Marine x2  
  77  6:23  Supply Depot  
  81  6:28  Armory  
  81  6:29  Supply Depot  
  81  6:32  Marine x2  
  81  6:34  Medivac x2  
  81  6:38  Marine x2  
  89  6:43  Marauder, SCV x2  
  89  6:45  SCV  
  94  6:48  Supply Depot  
  94  6:50  Siege Tank  
  94  6:53  Supply Depot  
  97  6:56  Refinery  
  97  6:57  SCV x3  
  100  7:07  Medivac x2  
  100  7:08  Marine x4  
  106  7:09  SCV x3  
  106  7:10  Marauder  
  106  7:12  Supply Depot  
  106  7:15  Supply Depot  
  113  7:18  Barracks  
  113  7:21  SCV  
  113  7:22  Barracks, SCV x2  
  116  7:26  Marine x4  
  116  7:29  Liberator x2  
  120  7:36  SCV x3  
  123  7:42  Marine  
  123  7:43  Marine x2  
  123  7:44  Marine x2  
  126  7:50  SCV x3  
  137  7:54  Refinery, Combat Shields  
  137  7:56  Terran Infantry Weapons Level 2  
  137  7:59  Supply Depot x2  
  137  8:02  SCV  
  138  8:09  Terran Infantry Armor Level 2  
  138  8:14  Barracks Reactor  
  138  8:16  Marine x2  
  138  8:17  Marine  
  141  8:20  Marine  
  141  8:21  Marauder  
  144  8:27  Command Center  
  144  8:32  Supply Depot  
  144  8:33  Supply Depot  
  144  8:34  Marine x3  
  144  8:38  Marine  
  148  9:01  SCV x2  
  148  9:02  SCV  
  151  9:05  Supply Depot x2  
  151  9:12  Marine x4  
  151  9:13  Marauder  
  151  9:16  Barracks Reactor  
  151  9:17  Marine x2  
  157  9:19  Siege Tank  
  162  9:28  Command Center  
  162  9:30  Supply Depot x2, Marine  
Show
View Real Time Build Order
Export as new Build Order

A.I. 1 (Elite) Protoss 

Build Orders: Mass Adepts 

Get SALT Encoding   

  12  0:01  Probe (Chrono Boost)  
  13  0:11  Probe (Chrono Boost)  
  14  0:20  Pylon  
  14  0:22  Probe (Chrono Boost)  
  15  0:38  Probe (Chrono Boost)  
  16  0:46  Assimilator  
  16  0:49  Probe (Chrono Boost), Gateway  
  17  0:58  Pylon  
  17  1:00  Probe (Chrono Boost)  
  18  1:10  Probe (Chrono Boost)  
  19  1:21  Probe (Chrono Boost)  
  20  1:31  Probe (Chrono Boost)  
  21  1:37  Zealot  
  21  1:38  Gateway  
  23  1:41  Cybernetics Core  
  23  1:43  Probe (Chrono Boost)  
  24  1:49  Pylon  
  25  1:54  Probe (Chrono Boost)  
  25  2:02  Zealot  
  25  2:05  Probe (Chrono Boost)  
  28  2:13  Warp Gate  
  28  2:17  Probe (Chrono Boost)  
  29  2:24  Adept  
  29  2:28  Adept  
  33  2:30  Gateway  
  33  2:40  Gateway  
  33  2:42  Probe (Chrono Boost)  
  33  2:49  Adept  
  35  2:53  Adept  
  37  3:05  Pylon  
  38  3:06  Probe (Chrono Boost)  
  38  3:22  Adept x3  
  44  3:27  Adept  
  46  3:38  Probe (Chrono Boost)  
  46  3:39  Pylon  
  47  3:54  Stalker  
  47  3:56  Adept  
  47  3:57  Adept  
  47  4:00  Stalker  
  55  4:09  Pylon  
  55  4:12  Assimilator  
  55  4:31  Stalker x2  
  55  4:32  Zealot  
  61  4:38  Zealot  
  63  4:47  Pylon  
  63  4:57  Robotics Facility  
  63  5:05  Adept  
  63  5:06  Adept  
  67  5:12  Adept  
  69  5:17  Adept  
  71  5:27  Pylon  
  71  5:33  Pylon  
  71  5:47  Twilight Council, Sentry  
  73  6:25  Dark Shrine, Nexus  
  73  6:49  Stalker  
  73  6:53  Forge  
  75  6:59  Stalker  
  75  7:01  Pylon  
  77  7:23  Observer  
  77  7:24  Stalker  
  80  7:38  Probe x2 (Chrono Boost), Dark Templar  
  84  7:46  Assimilator  
  84  7:48  Dark Templar  
  84  7:49  Assimilator  
  84  7:50  Probe x2 (Chrono Boost)  
  88  7:58  Stalker  
  88  8:00  Archon  
  88  8:01  Probe (Chrono Boost)  
  88  8:03  Probe (Chrono Boost)  
  92  8:12  Probe (Chrono Boost)  
  93  8:14  Probe (Chrono Boost)  
  93  8:18  Dark Templar  
  93  8:19  Pylon  
  96  8:23  Probe (Chrono Boost)  
  96  8:25  Probe (Chrono Boost)  
  98  8:30  Dark Templar  
  100  8:35  Probe (Chrono Boost)  
  100  8:36  Probe (Chrono Boost)  
  100  8:40  Sentry  
  103  8:42  Archon  
  103  8:46  Probe (Chrono Boost)  
  103  8:47  Probe (Chrono Boost)  
  103  8:48  Pylon  
  105  8:52  Dark Templar  
  107  8:57  Probe (Chrono Boost)  
  107  8:59  Probe (Chrono Boost)  
  109  9:04  Dark Templar  
  109  9:08  Probe (Chrono Boost)  
  112  9:10  Pylon  
  112  9:16  Archon, Dark Templar  
  114  9:28  Dark Templar, Forge  
  116  9:33  Nexus  
  116  9:41  Zealot  
  94  9:46  Stalker  
  94  9:51  Sentry  
  58  9:58  Zealot  
  56  10:00  Adept  
  58  10:07  Adept  
  58  10:13  Stalker  
  59  10:17  Dark Templar  
  59  10:20  Stalker  
  63  10:26  Stalker  
  61  10:34  Dark Templar  
  61  10:41  Zealot  
  61  10:45  Pylon  
  61  10:48  Stalker  
  42  11:03  Dark Templar  
  42  11:08  Zealot  
  27  11:34  Pylon  
Tags
 
Add a new tag
Caveats
  • Supply blocks, unpowered buildings, or Contaminate may cause inaccurate times.
  • Supply counts are checked every 10 seconds.